 Dungeon Crawl Stone Soup version 0.31-a0-986-g5e6e4ef867 (webtiles) character file.

Game seed: 16607197601444198659

2497 croobank the Covert (level 9, 0/62 HPs)
             Began as an Octopode Delver on Nov 14, 2023.
             Slain by an ufetubus (3 damage)
             ... on level 6 of the Dungeon.
             The game lasted 00:18:35 (6555 turns).

croobank the Covert (Octopode Delver)               Turns: 6555, Time: 00:18:36

Health: 0/62       AC:  1    Str: 12    XL:     9   Next: 52%
Magic:  15/15      EV: 15    Int: 20    God:
Gold:   182        SH:  0    Dex: 13    Spells: 13/16 levels left

rFire   + . .        a - +11 trident of Distant Worlds {venom, Will+ Int+4}
rCold   . . .        (no shield)
rNeg    . . .        (helmet restricted)
rPois   .            (no amulet)
rElec   .            q - ring of protection from cold
rCorr   .            x - ring of fire
SInv    .            (no ring)
Will    +....        (no ring)
Stlth   +++++        (no ring)
HPRegen 0.30/turn    (no ring)
MPRegen 0.14/turn    (no ring)
                     (no ring)

%: no passive effects
@: no status effects
A: almost no armour, amphibious, 8 rings, camouflage 1, gelatinous body 1,
(nimble swimmer 1), tentacles
a: no special abilities


You were on level 6 of the Dungeon.
You visited 1 branch of the dungeon, and saw 6 of its levels.

You collected 352 gold pieces.
You spent 170 gold pieces at shops.

Inventory:

Hand Weapons
 a - the +11 trident of Distant Worlds (weapon) {venom, Will+ Int+4}
   (You bought it in a shop on level 3 of the Dungeon)

   Int+4:     It affects your intelligence (+4).
   Will+:     It increases your willpower.
 d - a +4 falchion
 i - a +0 dagger
 r - a +2 short sword of venom
Missiles
 g - 8 poisoned darts
 l - 3 javelins
 o - 4 datura-tipped darts (quivered)
 p - 6 silver javelins
Jewellery
 q - a ring of protection from cold (left tentacle)
 x - a ring of fire (right tentacle)
Wands
 y - a wand of charming (13)
Scrolls
 b - 2 scrolls of fog
 t - 2 scrolls of identify {unknown}
 u - a scroll of immolation {unknown}
 v - a scroll of summoning {unknown}
 w - 3 scrolls of noise {unknown}
 A - a scroll of teleportation {unknown}
Potions
 c - 2 potions of curing {unknown}
 e - 2 potions of haste
 f - a potion of enlightenment {unknown}
 h - 3 potions of heal wounds {unknown}
 j - 2 potions of lignification {unknown}
 k - a potion of brilliance {unknown}
 m - 2 potions of degeneration {unknown}
 n - a potion of cancellation {unknown}
 s - a potion of mutation {unknown}
 z - a potion of berserk rage {unknown}
 B - a potion of might {unknown}


   Skills:
 + Level 6.0 Fighting
 - Level 2.8(3.0) Short Blades
 - Level 1.3(2.2) Long Blades
 + Level 4.2 Polearms
 + Level 5.5 Dodging
 + Level 9.9 Stealth
 * Level 4.3 Spellcasting
 * Level 4.7 Hexes


You had 13 spell levels left.
You knew the following spells:

 Your Spells              Type           Power      Damage    Failure   Level
a - Confusing Touch       Hex            23%        N/A       5%          3

Your spell library contained the following spells:

 Spells                   Type           Power      Damage    Failure   Level
 Slow                     Hex            92%        N/A       1%          1
 Sigil of Binding         Hex            23%        N/A       5%          3
 Shock                    Conj/Air       16%        1d4       13%         1
 Cigotuvi's Dreadful Rot  Necr/Pois/Air  8%         N/A       19%         2
 Swiftness                Air            4%         N/A       36%         3
 Vampiric Draining        Necr           4%         2d6       36%         3
 Airstrike                Air            2%         2d(1-17)  77%         4
 Dispel Undead            Necr           4%         3d7       77%         4
 Death Channel            Necr           2%         N/A       100%        6


Dungeon Overview and Level Annotations

Branches:
Dungeon (6/15)
 Temple: D:4-7

Altars:
Ashenzari
Cheibriados
Dithmenos
Elyvilon
Fedhas
Okawaru
Trog
Uskayaw
The Shining One

Shops:
D:3 (=*[[

Annotations:
D:6 3 runed translucent doors, RandomusNamus's ghost, novice OpSh


Innate Abilities, Weirdness & Mutations

You cannot wear most types of armour.
You are amphibious.
You can wear up to eight rings at the same time.
Your skin changes colour to match your surroundings (Stealth+).
Your rubbery body absorbs attacks. (AC +1, EV +1)
((You are camouflaged when in or above water. (Stealth+)))
You have tentacles for arms and can constrict up to eight enemies at once.


Message History

You are too injured to fight recklessly!
You are too injured to fight recklessly!
You are too injured to fight recklessly!
You are too injured to fight recklessly!
You are too injured to fight recklessly!
You are too injured to fight recklessly!
You are too injured to fight recklessly!
You are too injured to fight recklessly!
You are too injured to fight recklessly!
You feel more attuned to fire.
x - a ring of fire (right tentacle)
The steam dragon closely misses you. The steam dragon misses you.
The steam dragon closely misses you. x2
The shadow imp is engulfed in a cloud of scalding steam.
You are too injured to fight recklessly!
You closely miss the shadow imp. Your grab misses the shadow imp.
The shadow imp is almost dead.
The steam dragon bites you. The steam dragon claws you.
The shadow imp misses you.
You puncture the shadow imp!
You kill the shadow imp!
The ufetubus completely misses you. The ufetubus barely misses you.
The steam dragon closely misses you. The steam dragon claws you.
The ufetubus misses you. x2
The steam dragon breathes steam at you.
The ball of steam hits the ufetubus!
The ufetubus dies!
The ball of steam hits you. You resist.
* * * LOW HITPOINT WARNING * * *
The steam dragon barely misses you. The steam dragon claws you.
* * * LOW HITPOINT WARNING * * *
You barely miss the steam dragon. Your squeeze misses the steam dragon.
The ufetubus hits you.
* * * LOW HITPOINT WARNING * * *
The ufetubus completely misses you. The steam dragon bites you!
* * * LOW HITPOINT WARNING * * *
The steam dragon claws you.
* * * LOW HITPOINT WARNING * * *
The ufetubus closely misses you. The ufetubus hits you.
You die...

#.##......#..##
#.##......#...[
#.##...........
#.##...........
####.##......#####
..#.##......#
#.#.#########
#####§#.#
#...@§..#
#...D5..#
#...)...#
#.......#
#.........
#..........
#####+#.....#
.....# .....#


You could see a steam dragon (catching breath) and an ufetubus.

Vanquished Creatures
  Pikel (D:5)
  Sigmund (D:5)
  Eustachio (D:5)
  Duvessa (D:4)
  2 water moccasins (D:5)
  A black bear (D:6)
  3 ogres
  2 phantoms (D:5)
  A lemure (D:5)
  3 scorpions
  A wight (D:5)
  Dowan (D:4)
  A jelly (D:4)
  2 hounds
  2 orc priests (D:4)
  A gnoll bouda (D:5)
  A sleepcap (D:6)
  Natasha (thrice) (D:4)
  An orc wizard (D:5)
  Robin (D:2)
  8 gnolls
  8 adders
  2 shadow imps (D:6)
  2 ufetubi
  2 dart slugs
  6 orcs
  3 endoplasms
  4 giant cockroaches
  13 goblins
  9 hobgoblins
  12 kobolds
  A quokka (D:1)
  5 ball pythons
  5 bats
  2 frilled lizards
  7 rats
119 creatures vanquished.

Vanquished Creatures (collateral kills)
  A gnoll sergeant (D:5)
  A hound (D:5)
  4 gnolls (D:5)
6 creatures vanquished.

Vanquished Creatures (others)
  An ufetubus (D:6)
1 creature vanquished.

Grand Total: 126 creatures vanquished

Notes
Turn   | Place    | Note
-------+----------+-------------------------------------------
     0 | D:5      | croobank the Octopode Delver began the quest for the Orb.
     0 | D:5      | Reached XP level 1. HP: 16/16 MP: 1/1
     1 | D:6      | Noticed a hound
     6 | D:6      | Killed a hound
     7 | D:6      | Reached XP level 2. HP: 21/21 MP: 2/2
     7 | D:6      | Reached XP level 3. HP: 26/26 MP: 3/3
    56 | D:5      | Reached skill level 7 in Stealth
   232 | D:5      | Noticed a phantom
   234 | D:5      | Noticed a wight
   442 | D:4      | Found a glowing golden altar of the Shining One.
   572 | D:4      | Noticed Natasha
   573 | D:4      | Noticed Duvessa
   573 | D:4      | Noticed Dowan
   780 | D:4      | Reached XP level 4. HP: 27/31 MP: 4/4
   962 | D:2      | Noticed Robin
  1079 | D:3      | Found Jurphin's General Store.
  1117 | D:3      | Found Rujiec's Antique Armour Boutique.
  1829 | D:1      | Found a faded altar of an unknown god.
  2344 | D:2      | Reached XP level 5. HP: 35/37 MP: 5/5
  2670 | D:2      | Killed Robin
  2842 | D:3      | Found Fakkut's Armour Emporium.
  2923 | D:3      | Reached skill level 1 in Long Blades
  3074 | D:3      | Found Qausmog's Jewellery Emporium.
  3269 | D:3      | Found Qelang's Antique Weapon Shop.
  3284 | D:3      | Found a shadowy altar of Dithmenos.
  3286 | D:3      | Found a hide-covered altar of Uskayaw.
  3286 | D:3      | Found a blossoming altar of Fedhas.
  3286 | D:3      | Found a snail-covered altar of Cheibriados.
  3288 | D:3      | Found a bloodstained altar of Trog.
  3291 | D:3      | Found an iron altar of Okawaru.
  3503 | D:3      | Bought a crystal trident for 170 gold pieces
  3503 | D:3      | Identified the +11 trident of Distant Worlds {venom, Will+
                  | Int+4} (You bought it in a shop on level 3 of the Dungeon)
  3762 | D:4      | Killed Natasha
  3843 | D:4      | Found a broken altar of Ashenzari.
  3871 | D:4      | Reached XP level 6. HP: 43/43 MP: 6/6
  3938 | D:4      | Killed Duvessa
  3939 | D:4      | Reached skill level 1 in Polearms
  3939 | D:4      | Reached skill level 8 in Stealth
  3942 | D:4      | Killed Dowan
  4017 | D:4      | Reached XP level 7. HP: 40/49 MP: 7/7
  4092 | D:4      | Noticed Natasha
  4096 | D:4      | Killed Natasha
  4131 | D:4      | Noticed Natasha
  4137 | D:4      | Killed Natasha
  4475 | D:5      | Found a white marble altar of Elyvilon.
  4519 | D:5      | Learned a level 3 spell: Confusing Touch
  4539 | D:5      | Noticed Eustachio
  4558 | D:5      | Killed Eustachio
  4559 | D:5      | Reached skill level 5 in Fighting
  4559 | D:5      | Reached skill level 1 in Spellcasting
  4559 | D:5      | Reached skill level 1 in Hexes
  4841 | D:5      | Reached XP level 8. HP: 39/55 MP: 10/10
  5080 | D:5      | Reached skill level 9 in Stealth
  5386 | D:5      | Noticed Sigmund
  5492 | D:5      | Killed Sigmund
  5567 | D:5      | Reached skill level 5 in Dodging
  5763 | D:5      | Noticed Pikel
  5772 | D:5      | Killed Pikel
  5773 | D:5      | Reached XP level 9. HP: 44/62 MP: 12/14
  6155 | D:6      | Noticed RandomusNamus's ghost (novice OpSh)
  6160 | D:6      | Noticed a purple ugly thing
  6170 | D:6      | Found a runed translucent gate.
  6170 | D:6      | Found a runed translucent gate.
  6172 | D:6      | Found a runed translucent gate.
  6555 | D:6      | HP: 3/62 [steam dragon (5)]
  6555 | D:6      | Slain by an ufetubus

Illustrated notes

Levels and vault maps discovered:
D:1:      dpeg_arrival_simpleton_a, layout_basic,
          shapermc_ecumenical_altar_starsandcircs
D:2:      layout_basic, patterned_corridor, uniq_robin
D:3:      layout_loops_corners, minitemple, serial_shops,
          nicolae_shop_rolling_square, shop, nicolae_square_shop,
          nicolae_shop_behind_doors, shop
D:4:      layout_cave_pods, nicolae_tso_carved_into_rock,
          nicolae_overflow_crystal_walls, grunt_tough_drop, uniq_duvessa,
          uniq_natasha
D:5:      layout_cave_pods, kennysheep_little_box, minmay_misc_feat_rugged,
          kennysheep_diamond, uniq_eustachio, uniq_sigmund, uniq_pikel
D:6:      layout_basic, gammafunk_ghost_split

Skill      XL: |  1  2  3  4  5  6  7  8  9 |
---------------+----------------------------+-----
Stealth        | 7 8 9 |  9.9
Dodging        | 3 4 5 |  5.5
Long Blades    | 1 |  1.3
Fighting       | 4 5 6 |  6.0
Polearms       | 1 2 3 4 |  4.2
Spellcasting   | 1 3 4 |  4.3
Hexes          | 1 4 |  4.7
Short Blades   | |  2.8

Action                     |  1- 3 |  4- 6 |  7- 9 || total
---------------------------+-------+-------+-------++-------
  Melee: Short sword       |    26 |    21 |       ||    47
         Tentacles         |     6 |    14 |    18 ||    38
         Constrict         |     5 |    24 |    14 ||    43
         Falchion          |       |    73 |       ||    73
         Trident           |       |    25 |   122 ||   147
         Punch             |       |     1 |       ||     1
  Throw: Dart              |       |     4 |     3 ||     7
         Javelin           |       |     1 |       ||     1
   Cast: Confusing Touch   |       |       |     3 ||     3
  Evoke: Wand              |     3 |       |       ||     3
    Use: Scroll            |     2 |     4 |       ||     6
   Stab: Sleeping          |     2 |    24 |     6 ||    32
         Distracted        |       |       |     1 ||     1
         Confused          |       |       |     1 ||     1
 Armour: Skin              |    15 |    32 |    72 ||   119
  Dodge: Dodged            |    30 |    45 |    88 ||   163

Table legend: (Time is in decaauts)
 A = Elapsed time spent in this place.
 B = Non-inter-level travel time spent in this place.
 C = Inter-level travel time spent in this place.
 D = Time resting spent in this place.
 E = Time spent auto-exploring this place.
 F = Levels seen in this place.
 G = Mean time per level.
                   A        B        C        D        E       F      G
               +--------+--------+--------+--------+--------+-----+--------+
         Total |   6589 |   6232 |    357 |   1239 |   3589 |   6 | 1098.2 |
       Dungeon |   6589 |   6232 |    357 |   1239 |   3589 |   6 | 1098.2 |
               +--------+--------+--------+--------+--------+-----+--------+

Top non-repeatable levels by time:
     D:5: 1943 daAuts
     D:4: 1262 daAuts
     D:3: 1227 daAuts
     D:1: 972 daAuts
     D:2: 637 daAuts
     D:6: 545 daAuts
